Map: Blackpink LE

Players

Discomfort

  • Race: Terran Terran
  • League: Diamond
  • Spawn Location: 1:00

LigerMaNN - Winner!

  • Race: Zerg Zerg
  • League: Diamond
  • Spawn Location: 7:00

VOD

Have the link to the VOD?

Description

Time

  • Played on: Dec. 2, 2017, 10:30 a.m.
  • Length: 16:02
Show
View Real Time Build Order
Export as new Build Order

Discomfort Terran 

Build Orders: Mech 

Get SALT Encoding   

  12  0:01  SCV  
  13  0:13  SCV  
  14  0:18  Supply Depot  
  14  0:25  SCV  
  15  0:30  Refinery  
  15  0:40  SCV  
  16  0:46  Barracks  
  16  0:52  SCV  
  17  1:04  SCV  
  18  1:16  SCV  
  20  1:34  Factory  
  20  1:35  Marine  
  20  1:37  Orbital Command  
  20  1:43  Supply Depot  
  21  2:03  SCV  
  22  2:09  Barracks Reactor  
  21  2:17  Command Center  
  21  2:20  SCV  
  22  2:26  Hellion  
  24  2:38  SCV  
  24  2:39  Bunker  
  25  2:50  SCV  
  26  2:59  Factory, Hellion  
  26  3:02  Barracks Tech Lab, SCV  
  29  3:09  Hellion  
  29  3:12  Supply Depot  
  31  3:19  SCV  
  31  3:29  Hellion  
  31  3:32  SCV  
  34  3:35  Orbital Command  
  34  3:36  Barracks Tech Lab, Refinery  
  34  3:41  Hellion  
  34  3:44  SCV  
  37  3:56  SCV  
  39  4:02  SCV  
  39  4:07  Supply Depot  
  39  4:08  SCV  
  39  4:09  Infernal Pre-Igniter  
  40  4:11  Hellion  
  40  4:12  Hellion  
  40  4:15  SCV  
  45  4:17  Hellion  
  47  4:36  Hellion x2  
  41  4:39  Hellion  
  41  4:45  Engineering Bay  
  43  4:47  SCV x2  
  43  4:48  Supply Depot  
  45  4:55  Factory  
  45  4:57  Hellion  
  45  4:59  SCV  
  46  5:00  Siege Tank  
  47  5:09  SCV  
  48  5:14  SCV  
  48  5:15  Supply Depot  
  48  5:21  SCV  
  50  5:24  Command Center  
  50  5:27  SCV  
  51  5:30  Hellion x2  
  51  5:32  Siege Tank  
  51  5:33  SCV  
  59  5:35  Refinery  
  59  5:37  Refinery  
  59  5:39  SCV  
  60  5:45  SCV  
  61  5:50  Barracks Reactor  
  61  5:51  SCV  
  62  5:57  SCV  
  62  6:03  SCV  
  64  6:09  SCV  
  64  6:10  Siege Tank  
  68  6:12  Cyclone  
  68  6:15  SCV  
  72  6:20  Command Center  
  72  6:21  SCV  
  72  6:22  Hellion x2  
  77  6:29  Armory  
  77  6:31  Missile Turret  
  77  6:35  Missile Turret  
  77  7:01  Missile Turret  
  75  7:28  Hellbat x3  
  77  7:43  Siege Tank  
  77  7:44  Orbital Command  
  80  7:49  Siege Tank  
  83  7:53  Cyclone  
  83  7:54  Hellbat  
  88  8:08  Starport  
  88  8:10  Terran Vehicle Weapons Level 1  
  88  8:13  Armory  
  88  8:15  Hellbat  
  88  8:16  Hellbat  
  82  8:20  Factory  
  82  8:21  Siege Tank  
  83  8:28  Planetary Fortress  
  83  8:31  SCV x3  
  86  8:39  Siege Tank  
  93  8:41  Hellbat x2  
  93  8:43  SCV x2  
  93  8:44  SCV  
  96  8:48  Factory  
  96  8:49  Command Center  
  96  8:53  Siege Tank  
  99  9:00  Starport, SCV x3  
  104  9:02  Hellbat  
  104  9:03  Refinery  
  104  9:06  Barracks Tech Lab  
  104  9:07  Refinery  
  104  9:09  Missile Turret  
  104  9:12  SCV  
  104  9:15  Hi-Sec Auto Tracking  
  105  9:17  Starport Reactor  
  105  9:19  Missile Turret  
  105  9:24  Factory Tech Lab  
  105  9:26  Terran Vehicle And Ship Armor Level 1  
  105  9:37  SCV x3  
  108  9:56  Supply Depot, Thor  
  108  9:57  Supply Depot  
  108  9:58  Supply Depot  
  114  10:00  Supply Depot, Thor x2  
  114  10:02  Hellbat x2  
  114  10:03  SCV  
  131  10:08  Planetary Fortress  
  131  10:09  Missile Turret  
  131  10:18  Hellbat, SCV x4  
  88  10:21  Viking x2  
  137  10:23  Medivac, Hellbat  
  145  10:30  SCV x3  
  145  10:34  Refinery  
  148  10:38  Supply Depot  
  145  10:51  Medivac, Hellbat x3  
  145  10:53  Cyclone x2  
  145  10:54  Viking x2  
  163  11:09  Supply Depot x2  
  163  11:11  Supply Depot  
  163  11:13  Supply Depot  
  163  11:18  Supply Depot x2  
  163  11:21  Supply Depot  
  163  11:30  Liberator x2, SCV x4  
  167  11:33  Supply Depot  
  167  11:35  Supply Depot  
  167  11:37  Supply Depot  
  167  11:45  Medivac  
  167  11:46  Viking  
  171  11:52  Orbital Command  
  164  12:09  Siege Tank, Hellbat x2, Thor x2  
  164  12:14  Command Center  
  181  12:26  SCV x3  
  173  12:38  Hellbat x3  
  173  12:41  Thor  
  163  12:50  SCV x3  
  145  12:51  Medivac  
  145  12:52  Medivac, Thor, Siege Tank  
  155  13:00  Hellbat x3  
  161  13:08  Medivac  
  163  13:19  Viking  
  160  13:21  Viking, Hellbat x3  
  160  13:24  Thor  
  160  13:25  Hellbat  
  160  13:32  Viking  
  141  13:35  Hellbat  
  141  13:38  Viking  
  133  13:42  Hellbat x2, SCV x2  
  133  13:43  Planetary Fortress  
  133  13:46  Refinery  
  139  13:49  Viking  
  127  14:04  Widow Mine  
  127  14:05  Siege Tank x2  
  127  14:06  Viking x2  
  127  14:08  Viking  
  138  14:21  Siege Tank, Hellbat  
  138  14:22  Hellbat  
  145  14:29  Medivac  
  147  14:33  Hellbat  
  147  14:36  Viking  
  147  14:37  Siege Tank, Hellbat  
  131  14:53  Thor  
  131  14:58  Siege Tank  
  131  14:59  Hellbat x3  
  138  15:09  Thor  
  134  15:20  Hellbat x3  
  134  15:24  SCV x3  
  114  15:36  Hellbat  
  114  15:41  SCV  
Show
View Real Time Build Order
Export as new Build Order

LigerMaNN Zerg - Winner!

Build Orders: Hatch First, Swarm Host, First Game of the Day, Lol, Messy as fuck 

Get SALT Encoding   

  12  0:02  Drone  
  13  0:12  Overlord  
  13  0:23  Overlord  
  13  0:25  Drone  
  14  0:36  Drone x2  
  16  0:49  Drone  
  17  1:03  Hatchery  
  16  1:05  Drone  
  16  1:09  Drone  
  18  1:18  Extractor  
  17  1:27  Spawning Pool  
  17  1:28  Drone  
  17  1:31  Drone  
  18  1:39  Drone  
  19  1:51  Drone  
  20  2:14  Zergling x4  
  22  2:17  Drone  
  23  2:24  Drone  
  23  2:26  Metabolic Boost  
  24  2:34  Drone  
  24  2:35  Drone  
  26  2:45  Drone x2  
  26  2:47  Drone  
  29  2:52  Hatchery  
  29  2:55  Drone  
  29  2:57  Queen x2  
  33  3:07  Drone x2  
  35  3:24  Drone  
  35  3:25  Overlord x2  
  36  3:30  Overlord x2  
  36  3:47  Queen x2  
  40  3:49  Drone x3  
  43  3:57  Zergling x2  
  43  3:59  Zergling x2  
  44  4:08  Zergling x16  
  52  4:10  Queen  
  54  4:29  Zergling x2  
  54  4:36  Drone  
  54  4:37  Drone x9  
  63  4:45  Drone x2  
  64  4:46  Drone  
  63  5:06  Hatchery  
  57  5:23  Drone x5  
  57  5:24  Drone x12  
  57  5:25  Spore Crawler  
  73  5:30  Extractor  
  73  5:31  Extractor  
  71  5:45  Extractor x2  
  69  6:06  Zergling x8  
  69  6:07  Zergling x2  
  69  6:09  Overlord x6  
  74  6:24  Lair  
  74  6:31  Extractor  
  73  6:33  Drone  
  73  6:34  Drone x6  
  80  6:40  Drone x3  
  80  6:42  Overlord x3  
  80  6:43  Overlord x4  
  83  6:48  Pneumatized Carapace  
  83  6:59  Roach Warren  
  83  7:01  Zergling x24  
  88  7:17  Zergling x2  
  88  7:18  Zergling x12  
  86  7:33  Zergling x2  
  86  7:34  Zergling x16  
  91  7:51  Zergling x14  
  94  7:55  Overlord x3  
  94  7:58  Queen  
  93  8:05  Roach x2  
  94  8:06  Roach x2  
  87  8:21  Roach x5  
  87  8:22  Roach  
  95  8:39  Roach  
  95  8:40  Roach x11  
  119  8:42  Infestation Pit, Glial Reconstitution  
  119  8:46  Evolution Chamber  
  117  8:49  Evolution Chamber  
  116  9:14  Zerg Missile Weapons Level 1, Zerg Ground Armor Level 1  
  116  9:16  Drone x5  
  116  9:17  Drone x5  
  124  9:18  Drone x4  
  124  9:22  Extractor x2  
  128  9:28  Drone x4  
  128  9:29  Drone x2  
  134  9:39  Spire, Hive  
  134  9:45  Roach, Hydralisk Den  
  134  9:46  Roach x10  
  134  9:50  Hatchery  
  153  9:58  Hatchery  
  152  10:03  Swarm Host  
  152  10:04  Swarm Host x12  
  191  10:10  Burrow  
  191  10:30  Muscular Augments  
  181  10:51  Greater Spire  
  181  10:59  Hydralisk x9  
  199  11:14  Nydus Network  
  184  11:52  Zerg Ground Armor Level 2, Zerg Missile Weapons Level 2  
  184  11:54  Corruptor  
  184  11:55  Corruptor x5  
  196  12:08  Zerg Flyer Armor Level 1  
  194  12:19  Nydus Canal  
  158  12:48  Brood Lord x6  
  158  12:50  Hydralisk x12  
  158  12:51  Hydralisk x10  
  151  13:03  Roach x5  
  151  13:04  Roach x6  
  173  13:05  Overlord x2  
  173  13:06  Overlord x2  
  173  13:07  Zergling x2  
  173  13:08  Zergling x18  
  168  13:22  Hydralisk  
  168  13:23  Hydralisk x7  
  153  13:42  Corruptor x3  
  153  13:43  Corruptor  
  160  13:49  Zergling x20  
  160  13:50  Zergling x12  
  160  13:54  Adrenal Glands  
  176  14:07  Pathogen Glands  
  134  14:49  Hydralisk x4  
  134  14:50  Hydralisk x16  
  164  14:53  Zergling x18  
  159  15:12  Corruptor x4  
  149  15:30  Hydralisk  
  149  15:31  Hydralisk x9  
Tags
 
Add a new tag
Caveats
  • Supply blocks, unpowered buildings, or Contaminate may cause inaccurate times.
  • Supply counts are checked every 10 seconds.